 Dungeon Crawl Stone Soup version 0.29.1-1-gd02db6906a (webtiles) character file.

Game seed: 17550156983429879240

3 funnyparkerb the Magician (level 1, -1/15 HPs)
             Began as a Djinni Fire Elementalist on Oct 16, 2022.
             Slain by a jackal (2 damage)
             ... on level 1 of the Dungeon.
             The game lasted 00:00:35 (308 turns).

funnyparkerb the Magician (Djinni Fire Elementalist) Turns: 308, Time: 00:00:36

Health: -1/15      AC:  2    Str:  7    XL:     1   Next: 55%
Gold:   16         EV: 12    Int: 16    God:
                   SH:  0    Dex: 13

rFire   + + +      SeeInvis .   (no weapon)
rCold   . . .      Faith    .   (no shield)
rNeg    . . .      Spirit   .   a - +0 robe
rPois   ∞          Reflect  .   (no helmet)
rElec   +          Harm     .   (no cloak)
rCorr   +          Rampage  .   (no gloves)
Will    .....                   (boots unavailable)
Stlth   ++........              (no amulet)
HPRegen 0.05/turn               (no ring)
MPRegen 0.00/turn               (no ring)

@: brilliant, resistant, flying
A: sickness immunity, fire resistance 2, cold vulnerability 1, float, innate
caster, HP casting, extra vitality 1
a: no special abilities


You were on level 1 of the Dungeon.
You visited 1 branch of the dungeon, and saw 1 of its levels.

You collected 16 gold pieces.

Inventory:

Armour
 a - a +0 robe (worn)
Scrolls
 d - a scroll of identify {unknown}


   Skills:
 + Level 0.3 Fighting
 - Level 2.1 Dodging
 - Level 1.5 Stealth
 * Level 2.5 Spellcasting


You couldn't memorise any spells.
You knew the following spells:

 Your Spells              Type           Power      Damage    Failure   Level
a - Foxfire               Conj/Fire      60%        2x1d7     7%          1
b - Scorch                Fire           30%        2d6       11%         2
c - Conjure Flame         Conj/Fire      15%        6-21      21%         3
d - Inner Flame           Hex/Fire       15%        N/A       21%         3
e - Flame Wave            Conj/Fire      15%        2d7       56%         4
Your spell library was empty.

Dungeon Overview and Level Annotations

Branches:
Dungeon (1/15)

Altars:


Innate Abilities, Weirdness & Mutations

You are immune to sickness and miasma.
You are immune to poison.
Your flesh is very heat resistant. (rF++)
You are vulnerable to cold. (rC-)
You float through the air rather than walking.
You learn spells naturally, not from books.
Your magical power is your life essence.
You have superior vitality. (+4 MHP)


Message History

The jackal barely misses you. The jackal attacks as you move away!
The jackal misses you. The jackal attacks as you move away!
The jackal closely misses you. The jackal bites you.
The jackal bites you but does no damage.
You conjure some foxfire!
The foxfire hits the bat.
The bat is severely wounded.
The jackal closely misses you. The bat hits you but does no damage.
The foxfire hits the jackal.
The jackal is lightly wounded.
The bat hits you but does no damage.
The jackal bites you but does no damage.
You conjure some foxfire!
The bat misses you. The jackal bites you.
* * * LOW HITPOINT WARNING * * *
The jackal misses you. The jackal bites you.
* * * LOW HITPOINT WARNING * * *
The jackal misses you. The jackal barely misses you.
The foxfire hits the bat.
You kill the bat!
The foxfire hits the jackal.
The jackal is almost dead.
You are too injured to fight recklessly!
The jackal barely misses you. The jackal attacks as you move away!
The jackal barely misses you. The jackal attacks as you move away!
The jackal misses you. The jackal closely misses you.
The jackal bites you but does no damage.
The jackal attacks as you move away! The jackal barely misses you.
The jackal barely misses you. The jackal attacks as you move away!
The jackal bites you.
* * * LOW HITPOINT WARNING * * *
The jackal barely misses you. The jackal attacks as you move away!
The jackal bites you.
* * * LOW HITPOINT WARNING * * *
It was a potion of brilliance.
You feel clever all of a sudden. The jackal misses you.
It was a potion of resistance.
You feel protected. The jackal bites you.
You die...

#>.........# #.#
#..........# #.#
#..........# #.#
#..........# #.#
###.######.###### #.# #..
#.hh..h# #.#### #.#
######h# #....# #. #h#
####.# #@# ##.#
########## ##########..#
#...##...####.(#.#.....##
.##.##.##.##.#..#..##..#
##.#..###...#####..##..#
.###..# ####..##.#.##.##
#.#.#.# ##.###....#
#..##. # ###### #### #.


You could see 3 jackals.

Vanquished Creatures
  A bat (D:1)
  A goblin (D:1)
  A frilled lizard (D:1)
3 creatures vanquished.

Vanquished Creatures (others)
  21 foxfires (D:1)
21 creatures vanquished.

Grand Total: 24 creatures vanquished

Notes
Turn   | Place    | Note
-------+----------+-------------------------------------------
     0 | D:1      | funnyparkerb the Djinni Fire Elementalist began the quest
                  | for the Orb.
     0 | D:1      | funnyparkerb set off with the following spells memorised:
                  | Foxfire, Scorch, Conjure Flame, Inner Flame, Flame Wave.
     0 | D:1      | Reached XP level 1. HP: 15/15 MP: 0/0
   308 | D:1      | Slain by a jackal

Illustrated notes

Levels and vault maps discovered:
D:1:      dpeg_arrival_signposts, layout_loops_ring,
          shapermc_ecumenical_altar_ellora, minmay_box_of_dots

Action                   || total
-------------------------++-------
Melee: Unarmed           ||     7
 Cast: Foxfire           ||    12
  Use: Potion            ||     2
Armor: Robe              ||    11
Dodge: Dodged            ||    23
